 Dungeon Crawl Stone Soup version 0.25-a0-435-g4b9beb1024 (webtiles) character file.

Game seed: 10877239749596817596, levelgen mode: deterministic

745 kae the Changer (level 7, -2/52 HPs)
             Began as a Grey Draconian Transmuter on Jan 29, 2020.
             Slain by Pikel
             ... wielding a +2 whip of electrocution
              (10 damage)
             ... on level 4 of the Dungeon.
             The game lasted 00:04:13 (5856 turns).

kae the Changer (Grey Draconian Transmuter)         Turns: 5856, Time: 00:04:13

Health: -2/52      AC: 12    Str: 12    XL:     7   Next: 47%
Magic:  8/10       EV: 12    Int: 13    God:
Gold:   197        SH:  0    Dex: 14    Spells: 4/10 levels left

rFire    . . .     SeeInvis .   d - +6 dire flail (vorpal)
rCold    . . .     Gourm    .   (shield currently unavailable)
rNeg     . . .     Faith    .   (armour unavailable)
rPois    .         Spirit   .   (helmet restricted)
rElec    .         Reflect  .   o - scarf {repulsion}
rCorr    .         Harm     .   (no gloves)
MR       .....                  l - +0 pair of boots
Stlth    ++........             (no amulet)
HPRegen  0.17/turn              h - ring of stealth
MPRegen  0.12/turn              (no ring)

@: repel missiles
A: walk through water, unfitting armour, unbreathing, cold-blooded, AC +11
a: no special abilities


You were on level 4 of the Dungeon.
You were very hungry.

You visited 1 branch of the dungeon, and saw 4 of its levels.

You collected 197 gold pieces.

Inventory:

Hand Weapons
 d - a +6 vorpal dire flail (weapon)
Missiles
 a - 15 arrows
Armour
 l - a +0 pair of boots (worn)
 o - a scarf of repulsion (worn)
Jewellery
 h - a ring of stealth (left hand)
 j - a +2 ring of evasion {unknown}
Wands
 k - a wand of random effects (18)
 p - a wand of polymorph (1)
Scrolls
 e - a scroll of amnesia
Potions
 b - 2 potions of degeneration
 f - 2 potions of brilliance
 g - 2 potions of flight
 n - a potion of magic {unknown}
Comestibles
 c - 6 rations


   Skills:
 - Level 1.1 Fighting
 - Level 1.7 Dodging
 + Level 5.6 Unarmed Combat
 - Level 2.0 Spellcasting
 * Level 7.1 Transmutations


You had 4 spell levels left.
You knew the following spells:

 Your Spells              Type           Power        Failure   Level  Hunger
a - Beastly Appendage     Tmut           ###...       1%          1    ##.....
b - Sticks to Snakes      Tmut           ###.....     1%          2    ###....
c - Spider Form           Tmut/Pois      ##........   19%         3    ####...

Your spell library contained the following spells:

 Spells                   Type           Power        Failure   Level  Hunger
 Ice Form                 Ice/Tmut       ##......     52%         4    #####..
 Blade Hands              Tmut           ###.......   36%         5    ######.


Dungeon Overview and Level Annotations

Branches:
Dungeon (4/15)
 Temple: D:4-7

Altars:

Annotations:
D:4 Pikel


Innate Abilities, Weirdness & Mutations

You can walk through water.
Your dull iron-grey scales are very hard. (AC +11)
You cannot fit into any form of body armour.
You can survive without breathing.
You are cold-blooded and may be slowed by cold attacks.


Message History

Pikel hits your ball python with a +2 whip of electrocution!
Your ball python dies!
Pikel closely misses you.
You hit Pikel but do no damage.
Pikel is severely wounded.
Pikel hits you but does no damage.
You closely miss Pikel.
Pikel is severely wounded.
Pikel hits you but does no damage.
You barely miss Pikel.
Pikel is severely wounded.
Pikel closely misses you. Pikel hits you but does no damage.
You are electrocuted!!
* * * LOW HITPOINT WARNING * * *
Okay, then.
Casting: Sticks to Snakes (safe; 1% risk of failure)
Confirm with . or Enter, or press ? or * to list all spells.
You create a snake!
You now have 15 arrows.
Pikel hits you but does no damage.
You are electrocuted!
You die...

...###########.###########.#
.....## #.#...........#
####..# #)#.###########
##.## #.#.# #..# #.#.#
####.# #.#.# ###.#..# #.#S#
)...@#.# #.#.# #.######
#.#@# ###.#..#######)#K#
..%..# #.......#s# #.####
#.#######.# ### #.# #.# #.#
#.# #.# #.# #.# #.# #.# #.#


You could see Pikel, a giant cockroach and a friendly ball python.

Vanquished Creatures
  Grinder (D:3)
  Edmund (D:4)
  2 slaves (D:4)
  An ogre (D:4)
  An orc priest (D:4)
  A centaur skeleton (D:4)
  An orc wizard (D:4)
  Ijyb (D:3)
  Natasha (thrice) (D:2)
  An iguana (D:4)
  3 worker ants (D:4)
  Robin (D:3)
  2 adders (D:2)
  3 oozes
  A worm (D:2)
  A dart slug (D:1)
  2 leopard geckos (D:2)
  3 orcs (D:4)
  A ball python (D:2)
  3 bats (D:1)
  3 giant cockroaches
  7 goblins
  6 hobgoblins
  A quokka (D:4)
  2 frilled lizards
  5 kobolds
  7 rats
64 creatures vanquished.

Notes
Turn   | Place    | Note
-------+----------+-------------------------------------------
     0 | D:1      | kae the Draconian Transmuter began the quest for the Orb.
     0 | D:1      | Reached XP level 1. HP: 16/16 MP: 3/3
   170 | D:1      | Reached XP level 2. HP: 13/23 MP: 3/5
   389 | D:1      | Learned a level 2 spell: Sticks to Snakes
   703 | D:2      | Noticed Natasha
   730 | D:2      | Reached skill level 3 in Transmutations
   770 | D:2      | Reached XP level 3. HP: 6/28 MP: 2/6
   790 | D:2      | HP: 1/28 [poisoned by an adder]
  1275 | D:2      | Learned a level 3 spell: Spider Form
  2028 | D:2      | Killed Natasha
  2028 | D:2      | Reached XP level 4. HP: 29/35 MP: 3/7
  2446 | D:2      | Noticed Natasha
  2456 | D:2      | Killed Natasha
  2456 | D:2      | Reached skill level 4 in Transmutations
  2676 | D:2      | Noticed Natasha
  2688 | D:2      | Killed Natasha
  3063 | D:3      | Noticed Ijyb
  3097 | D:3      | Killed Ijyb
  3097 | D:3      | Reached XP level 5. HP: 34/40 MP: 4/8
  3196 | D:3      | Noticed Robin
  3212 | D:3      | Killed Robin
  3334 | D:3      | Noticed Grinder
  3335 | D:3      | Paralysed by Grinder for 7 turns
  3347 | D:3      | Paralysed by Grinder for 4 turns
  3368 | D:3      | Paralysed by Grinder for 7 turns
  3375 | D:3      | Killed Grinder
  3375 | D:3      | Reached skill level 5 in Transmutations
  3375 | D:3      | Reached XP level 6. HP: 12/47 MP: 5/9
  4165 | D:4      | Reached skill level 6 in Transmutations
  4382 | D:4      | Reached skill level 5 in Unarmed Combat
  4912 | D:4      | Your scales start taking on a dull iron-grey colour.
  4912 | D:4      | Reached XP level 7. HP: 51/52 MP: 6/10
  4912 | D:4      | Gained mutation: You can survive without breathing. [Grey
                  | Draconian growth]
  4965 | D:4      | Noticed Edmund
  5104 | D:4      | HP: 2/52 [Edmund/+6 vorpal dire flail (1)]
  5409 | D:4      | Killed Edmund
  5738 | D:4      | Reached skill level 7 in Transmutations
  5817 | D:4      | Noticed Pikel
  5856 | D:4      | Slain by Pikel

Levels and vault maps discovered:
D:1:      lemuel_arrival_lava_pool, layout_loops_ring, minmay_tromino_v4_c
D:2:      layout_loops_corners, uniq_natasha
D:3:      layout_loops_ring, first_ration, uniq_robin, uniq_ijyb, uniq_grinder
D:4:      minmay_angry_zag, layout_basic, uniq_pikel, uniq_edmund

Skill      XL: |  1  2  3  4  5  6  7 |
---------------+----------------------+-----
Transmutations | 3 4 5 6 7 |  7.1
Unarmed Combat | 4 5 |  5.6
Fighting       | |  1.1
Dodging        | |  1.7
Spellcasting   | |  2.0

Action                   |  1- 3 |  4- 6 |  7- 9 || total
-------------------------+-------+-------+-------++-------
Melee: Unarmed           |   110 |   102 |    43 ||   255
       Kick              |     8 |       |       ||     8
       Tailslap          |     6 |     6 |       ||    12
       Punch             |     1 |     2 |     1 ||     4
       Headbutt          |     2 |       |       ||     2
       Dire flail        |       |       |     7 ||     7
 Cast: Beastly Appendage |    16 |       |       ||    16
       Spider Form       |     1 |    12 |     4 ||    17
       Sticks to Snakes  |       |       |     8 ||     8
  Use: Scroll            |     1 |     8 |     1 ||    10
       Potion            |       |     2 |     1 ||     3
 Stab: Sleeping          |     1 |     3 |     1 ||     5
  Eat: Chunk             |     3 |     8 |       ||    11
       Ration            |       |     1 |     1 ||     2
Armor: Skin              |    32 |     8 |     9 ||    49
Dodge: Dodged            |    74 |    48 |    33 ||   155

Table legend:
 A = Non-vault XP
 B = Vault XP
 C = Vault XP percentage of total XP
 D = Non-vault monster count
 E = Vault monster count
 F = Vault count percentage of total count
                 A         B        C        D         E       F
            +---------+---------+-------+---------+---------+-------
      Total |     515 |     550 |  51.6 |      46 |      16 |  25.8
            +---------+---------+-------+---------+---------+-------
        D:1 |      29 |       3 |   9.4 |      14 |       2 |  12.5
        D:2 |     121 |      35 |  22.4 |      16 |       1 |   5.9
        D:3 |      17 |     336 |  95.2 |       5 |      10 |  66.7
        D:4 |     348 |     176 |  33.6 |      11 |       3 |  21.4
            +---------+---------+-------+---------+---------+-------
